 Dungeon Crawl Stone Soup version 0.21-a0-641-geef9d7f (webtiles) character file.

107 Monsterracer the Skirmisher (level 4, -9/49 HPs)
             Began as an Ogre Fighter on Dec 30, 2017.
             Killed from afar by an orc wizard (11 damage)
             ... with a puff of flame
             ... on level 3 of the Dungeon.
             The game lasted 00:02:58 (2329 turns).

Monsterracer the Skirmisher (Ogre Fighter)          Turns: 2329, Time: 00:02:58

Health: -9/49      AC:  3    Str: 25 (26) XL:     4   Next: 86%
Magic:  4/4        EV: 14    Int:  7 (9)  God:
Gold:   111        SH:  9    Dex: 11 (13) Spells: 3/3 levels left

rFire    . . .     SeeInvis .   a - +0 war axe
rCold    . . .     Gourm    .   c - +0 shield
rNeg     . . .     Faith    .   b - +0 robe
rPois    .         Spirit   .   (helmet restricted)
rElec    .         Reflect  .   (no cloak)
rCorr    .         Harm     .   (gloves unavailable)
MR       .....                  (boots unavailable)
Stlth    ++........             (no amulet)
HPRegen  0.16/turn              (no ring)
MPRegen  0.09/turn              (no ring)

@: mighty, agile
A: large, unfitting armour, tough skin 1
a: no special abilities


You were on level 3 of the Dungeon.
You were hungry.

You visited 1 branch of the dungeon, and saw 3 of its levels.

You collected 111 gold pieces.

Inventory:

Hand Weapons
 a - a +0 war axe (weapon)
Missiles
 o - 3 tomahawks (quivered)
Armour
 b - a +0 robe (worn)
 c - a +0 shield (worn)
 l - a +0 large shield
Scrolls
 e - a scroll of random uselessness {unknown}
 g - 3 scrolls of remove curse {unknown}
 h - 3 scrolls of identify {unknown}
 j - 2 scrolls of enchant armour {unknown}
Potions
 d - 2 potions of might
 m - a potion of agility
 n - a potion of curing {unknown}
 p - a potion of flight {unknown}
Comestibles
 f - 6 rations


   Skills:
 + Level 4.6 Fighting
 * Level 3.3 Axes
 - Level 1.0 Armour
 + Level 3.2 Dodging
 + Level 3.1 Shields


You had 3 spell levels left.
You didn't know any spells.

Dungeon Overview and Level Annotations

Branches:
Dungeon (3/15)

Altars:
Fedhas


Innate Abilities, Weirdness & Mutations

You are too large for most types of armour.
You have tough skin. (AC +1)


Message History

Your shield prevents you from hitting the goblin.
The goblin completely misses you.
You barely miss the goblin. You block the goblin's attack.
A goblin is nearby!
You slash the goblin!
You kill the goblin!
Things that are here:
a club x2
An orc comes into view. It is wielding a flail.
Health restored: 49 An orc is nearby!
An orc is nearby!
The orc shouts!
You hear a shout! x3
Found 18 gold pieces.
Found a stone staircase leading up and a stone staircase leading down. 2 orc wizards come into view.
The orc hits you with a flail.
You take 5 damage, and have 44/49 hp.
You slash the orc!
The orc is almost dead.
You block the orc's attack.
The orc wizard casts a spell.
The orc wizard blinks!
An orc comes into view. It is wielding a club.
You closely miss the orc.
The orc is almost dead.
The orc closely misses you.
The orc moves out of view.
The orc wizard points at you and mumbles some strange words.
You are confused.
You closely miss the orc.
The orc is almost dead.
The orc barely misses you.
You barely miss the orc.
The orc is almost dead.
The orc barely misses you.
The orc wizard gestures wildly while chanting.
The orc wizard flickers and vanishes!
Deactivating autopickup; reactivate with Ctrl-A.
The orc hits you with a flail.
You take 6 damage, and have 39/49 hp.
You barely miss the orc.
The orc is severely wounded.
The orc barely misses you. x2
You slash the orc!
You kill the orc!
You closely miss the orc. The orc hits you with a flail!
You take 10 damage, and have 29/49 hp.
MASSIVE DAMAGE!!
You feel less confused.
You are too injured to fight recklessly!
You are too injured to fight recklessly!
You are too injured to fight recklessly!
You are too injured to fight recklessly!
You barely miss the orc.
The orc is severely wounded.
The orc hits you with a flail.
You take 4 damage, and have 25/49 hp.
You barely miss the orc wizard. You closely miss the orc.
The orc wizard barely misses you. The orc closely misses you.
The orc wizard hits you with a dagger.
* * * LOW HITPOINT WARNING * * *
You take 1 damage, and have 24/49 hp.
You completely miss the orc.
The orc is severely wounded.
You hit the orc wizard.
The orc wizard hits you but does no damage.
The orc hits you with a flail!
* * * LOW HITPOINT WARNING * * *
You take 9 damage, and have 15/49 hp.
You closely miss the orc.
The orc is severely wounded.
You miss the orc wizard. You block the orc wizard's attack.
The orc closely misses you. The orc wizard casts a spell at you.
The magic dart hits you!
* * * LOW HITPOINT WARNING * * *
You take 9 damage, and have 6/49 hp.
You hit the orc.
You kill the orc!
You barely miss the orc wizard.
You feel very mighty all of a sudden. The orc wizard barely misses you.
You barely miss the orc wizard.
The orc wizard is lightly wounded.
The orc wizard gestures at you while chanting.
The magic dart hits you!
* * * LOW HITPOINT WARNING * * *
You block the orc wizard's attack.
You take 5 damage, and have 1/49 hp.
It was a potion of agility.
You feel agile all of a sudden. The orc wizard closely misses you.
It was a potion of degeneration.
There was something very wrong with that liquid.
You feel weakened.
You feel dopey.
You feel clumsy. You block the orc wizard's attack.
It was a potion of magic.
Magic courses through your body.
You hear some strange, mumbled words.
A puff of flame appears from out of thin air!
The puff of flame hits you!
You die...

#..... #..... #.....
#..... #.<...
#$....############
##.....#@#...##...##
........o..........##
##....)#.....)......#
#.....#............#
#..##..............#
..> ...##..........##
.. ###............##
. ..##########..##
.## ##..#


You could see an orc wizard.

Vanquished Creatures
  4 adders (D:2)
  An ooze (D:2)
  A worm (D:3)
  A leopard gecko (D:1)
  3 orcs (D:3)
  7 bats
  7 giant cockroaches
  8 goblins
  9 hobgoblins
  4 kobolds
  A ball python (D:2)
  3 frilled lizards
  12 rats
61 creatures vanquished.

Notes
Turn   | Place    | Note
-------+----------+-------------------------------------------
     0 | D:1      | Monsterracer the Ogre Fighter began the quest for the Orb.
     0 | D:1      | Reached XP level 1. HP: 24/24 MP: 1/1
   151 | D:1      | Reached XP level 2. HP: 31/32 MP: 2/2
   316 | D:1      | Reached XP level 3. HP: 35/39 MP: 3/3
  1377 | D:2      | Reached skill level 1 in Armour
  1377 | D:2      | Reached XP level 4. HP: 44/49 MP: 4/4
  1511 | D:2      | Found a blossoming altar of Fedhas.
  2321 | D:3      | HP: 24/49 [orc wizard/dagger (1)]
  2323 | D:3      | HP: 6/49 [orc wizard/magic dart (9)]
  2326 | D:3      | HP: 1/49 [orc wizard/magic dart (5)]
  2329 | D:3      | Killed from afar by an orc wizard

Vault maps used:
D:1:      dpeg_arrival_tiny_d, dk_noncrumbling_2, st_stairs_9
D:2:      fedhas_altar_1
D:3:      okawaru_gym_becter

Skill      XL: |  1  2  3  4 |
---------------+-------------+-----
Dodging        | 3 |  3.2
Shields        | 3 |  3.1
Armour         | 1 |  1.0
Axes           | 3 |  3.3
Fighting       | |  4.6

Action                   |  1- 3 |  4- 6 || total
-------------------------+-------+-------++-------
Melee: War axe           |    87 |    67 ||   154
  Use: Potion            |       |     4 ||     4
  Eat: Chunk             |     2 |     2 ||     4
Armor: Robe              |    25 |    19 ||    44
Dodge: Dodged            |    30 |    32 ||    62
Block: Shield            |    51 |    31 ||    82

Table legend:
 A = Spawn XP
 B = Non-spawn XP
 C = Spawn XP percentage of total XP
 D = Spawn monster count
 E = Non-spawn monster count
 F = Spawn count percentage of total count
 G = Total turns spent on level
                    A         B        C        D         E        F      G
               +---------+---------+-------+---------+---------+-------+---------
         Total |       0 |     154 |   0.0 |       0 |      61 |   0.0 |  2329
               +---------+---------+-------+---------+---------+-------+---------
           D:1 |       0 |      51 |   0.0 |       0 |      31 |   0.0 |   950
           D:2 |       0 |      80 |   0.0 |       0 |      20 |   0.0 |  1005
           D:3 |       0 |      23 |   0.0 |       0 |      10 |   0.0 |   374
               +---------+---------+-------+---------+---------+-------+---------

Vault maps used:
D:1:      dpeg_arrival_tiny_d, dk_noncrumbling_2, st_stairs_9
D:2:      fedhas_altar_1
D:3:      okawaru_gym_becter
